[Event "83rd ESP-ch Women-ch 2018"]
[Site "Linares"]
[Date "2018.08.21"]
[Round "2"]
[White "Kolotilina, Liudmila"]
[Black "Huerga Leache, Mikel"]
[Result "*"]
[WhiteElo "2216"]
[BlackElo "2451"]
[ECO "D00"]
[Opening "Queen's pawn"]
[Variation "Chigorin variation"]
[TimeControl "40/5400+30:1800+30"]
[Annotator "RC"]
[EventDate "2018.08.09"]
[PlyCount "64"]
[EventType "tourn"]
[EventCountry "ESP"]

1. d4 d5 2. Nc3 Nf6 3. Bf4 g6 4. Qd2 Bg7 5. f3 O-O 6. e3 e6 7. Nge2 Nh5 8.
Be5 Bxe5 9. dxe5 c5 10. O-O-O Nc6 11. f4 f5 12. h3 Qa5 13. g4 Ng7 14. Ng3
b5 15. Kb1 b4 16. Nb5 c4 17. Nd4 Nxd4 18. Qxd4 Rb8 19. gxf5 gxf5 20. Rg1
Kh8 21. Be2 Rb6 22. e4 Ra6 23. Bxc4 dxc4 24. Qxc4 Bb7 25. exf5 Bd5 26. Rxd5
exd5 27. Qb3 Qc5 28. Rd1 Nxf5 29. Nxf5 Rxf5 30. Qd3 Qc8 31. Qxd5 Rxf4 32.
Rg1 Rg6 *

[Event "83rd ESP-ch Women-ch 2018"]
[Site "Linares"]
[Date "2018.08.21"]
[Round "2"]
[White "Romero Romero, Sebastian"]
[Black "Bernabeu Lopez, Carlos Javier"]
[Result "1-0"]
[WhiteElo "2171"]
[BlackElo "2360"]
[ECO "C45"]
[Opening "Scotch"]
[Variation "Potter variation"]
[TimeControl "40/5400+30:1800+30"]
[Annotator "NA"]
[EventDate "2018.08.09"]
[PlyCount "65"]
[EventType "tourn"]
[EventCountry "ESP"]

1. e4 e5 2. Nf3 Nc6 3. d4 exd4 4. Nxd4 Bc5 5. Nb3 Bb6 6. Qe2 d6 7. Be3 Nf6
8. Nc3 Qe7 9. Bxb6 axb6 10. O-O-O O-O 11. Kb1 Re8 12. f3 Be6 13. g4 Bxb3
14. cxb3 Ra5 15. Qd2 Ne5 16. Be2 Ng6 17. b4 Raa8 18. g5 Nd7 19. Nd5 Qd8 20.
h4 Ne7 21. Ne3 Ng6 22. Nf5 Ne7 23. Ng3 b5 24. Qc3 Ng6 25. Nf5 Nde5 26. Bxb5
Rf8 27. h5 Nf4 28. Qe3 Ne6 29. f4 Nc6 30. Qc3 Ne7 31. Nxg7 Nxg7 32. h6 Ne6
33. Bc4 1-0

[Event "83rd ESP-ch Women-ch 2018"]
[Site "Linares"]
[Date "2018.08.21"]
[Round "2"]
[White "Arroyo Rodriguez, Jesus"]
[Black "Vicens Company, Maria Antonia"]
[Result "1-0"]
[WhiteElo "2099"]
[BlackElo "1904"]
[ECO "A07"]
[Opening "Reti"]
[Variation "King's Indian attack (Barcza system)"]
[TimeControl "40/5400+30:1800+30"]
[Annotator "NA RC"]
[EventDate "2018.08.09"]
[PlyCount "89"]
[EventType "tourn"]
[EventCountry "ESP"]

1. Nf3 d5 2. g3 Nf6 3. Bg2 c6 4. b3 g6 5. Bb2 Bg7 6. c4 Qb6 7. Bd4 c5 8.
Bc3 d4 9. Bb2 Nc6 10. O-O O-O 11. d3 Bf5 12. Nbd2 Rad8 13. Rb1 Rfe8 14. a3
a5 15. b4 cxb4 16. axb4 Nxb4 17. Ba3 e5 18. Nb3 Bf8 19. Qd2 e4 20. Ne1 Nc6
21. Bxf8 Kxf8 22. Nc2 Qc7 23. Rb2 b6 24. Rfb1 h5 25. Nc1 Rb8 26. Rb5 Re5
27. Qh6+ Kg8 28. h3 Na7 29. R5b2 Nc6 30. Qf4 Qd8 31. Kh2 Kg7 32. Rb5 Rc5
33. dxe4 Be6 34. e5 Nxe5 35. Nxd4 Rxb5 36. Rxb5 Nfd7 37. Rxe5 Nxe5 38.
Qxe5+ Kh7 39. Nc6 Qd2 40. Qxb8 a4 41. Qf8 Qxc1 42. Ne7 a3 43. Qg8+ Kh6 44.
Qh8+ Kg5 45. f4+ 1-0

[Event "83rd ESP-ch Women-ch 2018"]
[Site "Linares"]
[Date "2018.08.21"]
[Round "2"]
[White "Gil Quilez, Sonia"]
[Black "Gonzalez del Campo, Diego"]
[Result "1-0"]
[WhiteElo "2066"]
[BlackElo "1893"]
[ECO "A81"]
[Opening "Dutch defence"]
[TimeControl "40/5400+30:1800+30"]
[Annotator "NA RC"]
[EventDate "2018.08.09"]
[PlyCount "91"]
[EventType "tourn"]
[EventCountry "ESP"]

1. d4 f5 2. g3 Nf6 3. Bg2 g6 4. c3 Bg7 5. Qb3 c5 6. dxc5 Na6 7. Qa3 Qc7 8.
b4 Ne4 9. Bb2 O-O 10. Nf3 b6 11. cxb6 axb6 12. O-O Bb7 13. Qb3+ Kh8 14.
Nfd2 d5 15. Nxe4 fxe4 16. Na3 Qd7 17. Rad1 Qf5 18. Nc2 Nc7 19. Nd4 Qf7 20.
a4 Qe8 21. b5 e5 22. Nc2 Ne6 23. Ba3 Rf7 24. Ra1 Rc7 25. Ne3 Nc5 26. Bxc5
Rxc5 27. Rfc1 Rac8 28. Nd1 d4 29. c4 Qf7 30. Nb2 Bh6 31. Rd1 e3 32. f3 Bg7
33. a5 e4 34. Rf1 exf3 35. Bxf3 Bxf3 36. Rxf3 Qe6 37. axb6 Qxb6 38. Na4 Qa5
39. b6 Rb8 40. Nxc5 Qxa1+ 41. Rf1 Qa5 42. Nd7 Rb7 43. c5 Rxd7 44. b7 d3 45.
b8=Q+ Rd8 46. Q8b6 1-0

[Event "83rd ESP-ch Women-ch 2018"]
[Site "Linares"]
[Date "2018.08.21"]
[Round "2"]
[White "Fernandez Montero, Francisco Manuel"]
[Black "Cesar Maestre, Bernardo"]
[Result "*"]
[WhiteElo "2046"]
[BlackElo "1861"]
[ECO "B53"]
[Opening "Sicilian, Chekhover variation"]
[TimeControl "40/5400+30:1800+30"]
[Annotator "NA RC"]
[EventDate "2018.08.09"]
[PlyCount "51"]
[EventType "tourn"]
[EventCountry "ESP"]

1. e4 c5 2. Nf3 d6 3. d4 cxd4 4. Qxd4 a6 5. Bg5 Nc6 6. Qe3 g6 7. Nc3 Bg7 8.
Bc4 Nf6 9. h3 h6 10. Bh4 b5 11. Bb3 Na5 12. e5 dxe5 13. Bxf7+ Kxf7 14.
Nxe5+ Ke8 15. Nxg6 Rg8 16. Rd1 Bd7 17. O-O Nc4 18. Qf3 Kf7 19. Nf4 e6 20.
Rfe1 Re8 21. Nh5 Bh8 22. Ne4 Ra7 23. Nexf6 Bxf6 24. Nxf6 Kg6 25. Qe4+ Kf7
26. Qh7+ *

[Event "83rd ESP-ch Women-ch 2018"]
[Site "Linares"]
[Date "2018.08.21"]
[Round "2"]
[White "Vergara Anton, Diego"]
[Black "Arnaiz Yanes, Miguel Angel"]
[Result "*"]
[WhiteElo "2022"]
[BlackElo "1850"]
[ECO "D43"]
[Opening "QGD semi-Slav"]
[TimeControl "40/5400+30:1800+30"]
[Annotator "NA RC"]
[EventDate "2018.08.09"]
[PlyCount "75"]
[EventType "tourn"]
[EventCountry "ESP"]

1. d4 d5 2. c4 c6 3. Nf3 Nf6 4. Nc3 e6 5. Bg5 Be7 6. e3 O-O 7. Qc2 Nbd7 8.
Be2 Re8 9. O-O h6 10. Bh4 Nf8 11. Ne5 dxc4 12. Bxc4 Nd5 13. Bxe7 Qxe7 14.
Nxd5 exd5 15. Bd3 a6 16. Rab1 c5 17. Rbc1 cxd4 18. exd4 Be6 19. Qb3 Rac8
20. f4 f6 21. Nf3 Bf7 22. Rxc8 Rxc8 23. Re1 Qc7 24. g3 b5 25. Qa3 Qb6 26.
Bf5 Be6 27. Qd3 Bxf5 28. Qxf5 Rd8 29. Qd3 Kf7 30. Qe3 Qd6 31. Nh4 g6 32.
Qd3 Rd7 33. Ng2 Re7 34. Rxe7+ Qxe7 35. Ne3 Qe4 36. Qb3 Ne6 37. Nxd5 Qxd4+
38. Ne3 *

[Event "83rd ESP-ch Women-ch 2018"]
[Site "Linares"]
[Date "2018.08.21"]
[Round "2"]
[White "Perez Beltran, Salvador"]
[Black "Fernandez Garcia, Francisco Jose"]
[Result "*"]
[WhiteElo "2018"]
[BlackElo "1835"]
[ECO "B31"]
[Opening "Sicilian"]
[Variation "Nimzovich-Rossolimo attack (with ...g6, without ...d6)"]
[TimeControl "40/5400+30:1800+30"]
[Annotator "NA RC"]
[EventDate "2018.08.09"]
[PlyCount "108"]
[EventType "tourn"]
[EventCountry "ESP"]

1. e4 c5 2. Nf3 Nc6 3. Bb5 g6 4. Bxc6 dxc6 5. d3 Bg7 6. h3 Nf6 7. Nc3 O-O
8. O-O Qc7 9. Be3 b6 10. Qd2 e5 11. a3 Nh5 12. Bh6 Nf4 13. Bxg7 Kxg7 14.
Ne2 Nxe2+ 15. Qxe2 Qe7 16. Qd2 h6 17. Qc3 Re8 18. b4 Qf6 19. Nh2 cxb4 20.
axb4 Bd7 21. Ra3 c5 22. bxc5 Rec8 23. Qa1 Rxc5 24. Rxa7 Ra5 25. Rxa5 Rxa5
26. Qb2 Rb5 27. Qa3 Ra5 28. Qc3 Rc5 29. Qd2 Qc6 30. c4 b5 31. cxb5 Rxb5 32.
f4 exf4 33. Qxf4 Be6 34. d4 Bc4 35. Rc1 g5 36. Qe3 Rb4 37. Qc3 Qxe4 38. Ng4
Bd5 39. Qg3 Rxd4 40. Re1 Qf4 41. Qc3 Qd2 42. Qg3 Rf4 43. Ne3 Be6 44. Nf1
Qd4+ 45. Ne3 Qd2 46. Nf1 Qd6 47. Ne3 Qc7 48. h4 Rc4 49. Qf3 Rc3 50. hxg5
hxg5 51. Kh1 Qc5 52. Qg3 f6 53. Qf3 Qc6 54. Qh5 Rxe3 *

[Event "83rd ESP-ch Women-ch 2018"]
[Site "Linares"]
[Date "2018.08.21"]
[Round "2"]
[White "Samuel Lares, Jairo"]
[Black "Gomez Ligero, Sergio"]
[Result "*"]
[WhiteElo "2006"]
[BlackElo "1826"]
[ECO "C11"]
[Opening "French"]
[Variation "Steinitz variation"]
[TimeControl "40/5400+30:1800+30"]
[Annotator "NA RC"]
[EventDate "2018.08.09"]
[PlyCount "69"]
[EventType "tourn"]
[EventCountry "ESP"]

1. d4 e6 2. Nc3 Nf6 3. e4 d5 4. e5 Nfd7 5. Nce2 c5 6. f4 cxd4 7. Nxd4 Nc6
8. Ngf3 Nxd4 9. Nxd4 Bc5 10. c3 O-O 11. Bd3 Qh4+ 12. g3 Qe7 13. Bd2 f6 14.
Qe2 fxe5 15. fxe5 Bb6 16. h4 Bc7 17. Bf4 Nc5 18. Bc2 b6 19. O-O-O Bd7 20.
Qh5 g6 21. Qg4 Qg7 22. Rde1 b5 23. h5 Ne4 24. Bxe4 dxe4 25. Rxe4 Rf5 26. h6
Qe7 27. Re2 Rff8 28. Rd1 b4 29. Bg5 Qe8 30. c4 Rc8 31. Bf6 Bb6 32. Nf3 Bc6
33. Ng5 Bd5 34. b3 Qa4 35. bxa4 *

[Event "83rd ESP-ch Women-ch 2018"]
[Site "Linares"]
[Date "2018.08.21"]
[Round "2"]
[White "Comellas Martos, Lidia"]
[Black "Montero Melendez, Juan"]
[Result "1-0"]
[WhiteElo "2001"]
[BlackElo "1593"]
[ECO "B10"]
[Opening "Caro-Kann"]
[Variation "two knights variation"]
[TimeControl "40/5400+30:1800+30"]
[Annotator "NA RC"]
[EventDate "2018.08.09"]
[PlyCount "127"]
[EventType "tourn"]
[EventCountry "ESP"]

1. e4 c6 2. Nf3 d5 3. Nc3 dxe4 4. Nxe4 Nd7 5. d4 Ngf6 6. Ng3 Qc7 7. Bd3 e6
8. Qe2 Bd6 9. O-O O-O 10. c4 c5 11. Bg5 cxd4 12. Nxd4 a6 13. Rad1 b6 14.
Bc2 Bb7 15. b3 Rfe8 16. Qd3 Bxg3 17. hxg3 h6 18. Bc1 Be4 19. Qe2 Qb7 20.
Bxe4 Qxe4 21. Qxe4 Nxe4 22. Nxe6 Rxe6 23. Rxd7 Nc5 24. Rd2 Rae8 25. f3 Re2
26. Rfd1 Re1+ 27. Kf2 R8e2+ 28. Rxe2 Rxd1 29. Ba3 Ne6 30. Ke3 f6 31. Rd2
Rxd2 32. Kxd2 a5 33. Bb2 Kf7 34. Kd3 Nc5+ 35. Kd4 Ke6 36. Ba3 Nd7 37. b4
axb4 38. Bxb4 Nb8 39. c5 b5 40. c6 Nxc6+ 41. Kc5 Kd7 42. Kxb5 g6 43. a4 Kc7
44. a5 Na7+ 45. Kc5 Kb7 46. Kd6 Nc6 47. Bd2 Nd4 48. Ke7 f5 49. Kf7 g5 50.
Kg6 g4 51. f4 Ka6 52. Kxh6 Kb5 53. Kg6 Kc6 54. Kf6 Ne2 55. Kxf5 Nxg3+ 56.
Kxg4 Ne4 57. Be1 Nf6+ 58. Kf3 Kb5 59. g4 Kc6 60. f5 Kd5 61. a6 Ne8 62. a7
Nc7 63. Bg3 Na8 64. g5 1-0

[Event "83rd ESP-ch Women-ch 2018"]
[Site "Linares"]
[Date "2018.08.21"]
[Round "2"]
[White "Comellas Martos, Lidia"]
[Black "Montero Melendez, Juan"]
[Result "*"]
[WhiteElo "2001"]
[BlackElo "1593"]
[ECO "B10"]
[Opening "Caro-Kann"]
[Variation "two knights variation"]
[TimeControl "40/5400+30:1800+30"]
[Annotator "NA"]
[EventDate "2018.08.09"]
[PlyCount "22"]
[EventType "tourn"]
[EventCountry "ESP"]

1. e4 c6 2. Nc3 d5 3. Nf3 dxe4 4. Nxe4 Nd7 5. d4 Ngf6 6. Ng3 Qc7 7. Bd3 e6
8. Qe2 Bd6 9. O-O O-O 10. c4 c5 11. Bg5 cxd4 *

[Event "83rd ESP-ch Women-ch 2018"]
[Site "Linares"]
[Date "2018.08.21"]
[Round "2"]
[White "Maranon Canton, Antonio"]
[Black "Jimenez de la Torre, Jose Antonio"]
[Result "1/2-1/2"]
[WhiteElo "1868"]
[BlackElo "2076"]
[ECO "A34"]
[Opening "English"]
[Variation "symmetrical variation"]
[TimeControl "40/5400+30:1800+30"]
[Annotator "NA"]
[EventDate "2018.08.09"]
[PlyCount "60"]
[EventType "tourn"]
[EventCountry "ESP"]

1. c4 Nf6 2. Nc3 c5 3. g3 Nc6 4. Bg2 e6 5. Nf3 d5 6. d4 cxd4 7. Nxd4 Be7 8.
O-O O-O 9. cxd5 exd5 10. Bf4 a6 11. Rc1 Qb6 12. Nxc6 bxc6 13. Na4 Qb5 14.
Qd4 Nd7 15. Rxc6 Bb7 16. Rc7 Bf6 17. Qd1 Rac8 18. Rxc8 Rxc8 19. Qb3 Rc4 20.
Qxb5 axb5 21. Nc3 Bxc3 22. bxc3 Rxc3 23. Rc1 b4 24. Rxc3 bxc3 25. Kf1 Nf6
26. Ke1 Ne4 27. Bxe4 dxe4 28. Kd1 Ba6 29. f3 f5 30. fxe4 fxe4 1/2-1/2

[Event "83rd ESP-ch Women-ch 2018"]
[Site "Linares"]
[Date "2018.08.21"]
[Round "2"]
[White "Ucles Lirola, Moises"]
[Black "Perez Perez, Gabriel"]
[Result "1-0"]
[WhiteElo "1858"]
[BlackElo "2058"]
[ECO "A05"]
[Opening "Reti opening"]
[TimeControl "40/5400+30:1800+30"]
[Annotator "NA RC"]
[EventDate "2018.08.09"]
[PlyCount "147"]
[EventType "tourn"]
[EventCountry "ESP"]

1. Nf3 Nf6 2. g3 d5 3. Bg2 c5 4. d3 Nc6 5. O-O e6 6. Nbd2 b6 7. c3 Bb7 8.
Qc2 Be7 9. Re1 Qc7 10. e4 O-O 11. Nf1 dxe4 12. dxe4 c4 13. Bf4 e5 14. Bg5
Nd7 15. Ne3 Bxg5 16. Nxg5 Ne7 17. Rad1 h6 18. Nf3 Nf6 19. Nh4 Rad8 20. Nef5
Nxf5 21. Nxf5 Kh7 22. f3 Rxd1 23. Rxd1 Rd8 24. Ne3 Rxd1+ 25. Qxd1 Qc5 26.
Kf2 b5 27. Bh3 g6 28. Qd8 Kg7 29. Qb8 Bc6 30. Ke2 a5 31. a3 Qe7 32. Ke1 Ne8
33. Ng4 f6 34. Ne3 Qc7 35. Qxc7+ Nxc7 36. Ke2 Kf7 37. Bg2 Ne6 38. Kd2 Nc5
39. Bf1 h5 40. Be2 Ke6 41. Bd1 f5 42. exf5+ gxf5 43. f4 exf4 44. gxf4 Nd3
45. b3 Nxf4 46. bxc4 h4 47. cxb5 Bxb5 48. Bc2 Ke5 49. Nxf5 h3 50. Nd4 Bc4
51. Nc6+ Kd6 52. Nxa5 Bf1 53. Bd1 Kc5 54. Nb3+ Kc4 55. Nd4 Bg2 56. Bb3+ Kc5
57. Ne6+ Nxe6 58. Bxe6 Bf1 59. Ke3 Kb5 60. Bb3 Bg2 61. Kf4 Kc5 62. Kg3 Kb5
63. Be6 Ka4 64. Bxh3 Bd5 65. Bf1 Kxa3 66. c4 Bf7 67. c5 Be8 68. Bg2 Kb4 69.
c6 Bxc6 70. Bxc6 Kc5 71. Kg4 Kd6 72. Kg5 Ke7 73. Kg6 Kf8 74. Bd5 1-0

[Event "83rd ESP-ch Women-ch 2018"]
[Site "Linares"]
[Date "2018.08.21"]
[Round "2"]
[White "Rascon Jato, Daniel"]
[Black "Cruz Ramirez, Nauzet"]
[Result "1/2-1/2"]
[WhiteElo "1849"]
[BlackElo "2037"]
[ECO "B40"]
[Opening "Sicilian defence"]
[TimeControl "40/5400+30:1800+30"]
[Annotator "NA RC"]
[EventDate "2018.08.09"]
[PlyCount "86"]
[EventType "tourn"]
[EventCountry "ESP"]

1. e4 c5 2. Nf3 e6 3. c4 d6 4. d4 cxd4 5. Nxd4 Nf6 6. Nc3 a6 7. Be2 Qc7 8.
Be3 b6 9. Rc1 Bb7 10. f3 Nbd7 11. Qd2 Be7 12. O-O h5 13. Rfd1 Rc8 14. Bf1
Qb8 15. Na4 Bd8 16. b4 Bc7 17. h3 h4 18. Ne2 Bc6 19. Nac3 Rd8 20. b5 axb5
21. cxb5 Bb7 22. Nd4 d5 23. Nc6 Bxc6 24. bxc6 Nc5 25. exd5 Nxd5 26. Nxd5
Rxd5 27. Qb4 Qd8 28. Rxd5 Qxd5 29. Qd4 O-O 30. Qxd5 exd5 31. Rd1 Rd8 32.
Bg5 f6 33. Bxh4 Kf7 34. Bb5 g5 35. Bf2 Ke6 36. Re1+ Be5 37. g3 Kd6 38. h4
Ra8 39. hxg5 fxg5 40. a4 Nxa4 41. Bxa4 Rxa4 42. Bxb6 Rc4 43. Bc7+ Kxc7
1/2-1/2

[Event "83rd ESP-ch Women-ch 2018"]
[Site "Linares"]
[Date "2018.08.21"]
[Round "2"]
[White "Gomez Fernandez, Alfredo"]
[Black "Pablos Tenrero, Raquel"]
[Result "1/2-1/2"]
[WhiteElo "1827"]
[BlackElo "2015"]
[ECO "B10"]
[Opening "Caro-Kann"]
[Variation "closed (Breyer) variation"]
[TimeControl "40/5400+30:1800+30"]
[Annotator "NA RC"]
[EventDate "2018.08.09"]
[PlyCount "85"]
[EventType "tourn"]
[EventCountry "ESP"]

1. e4 c6 2. d3 d5 3. Nd2 e5 4. Ngf3 Bd6 5. g3 Nf6 6. Bg2 Bg4 7. O-O Nbd7 8.
Re1 Qc7 9. h3 Bh5 10. Nb3 O-O 11. Bg5 h6 12. Bd2 Bg6 13. Nh4 Bh7 14. Rc1
Rad8 15. Qe2 b6 16. a4 Rfe8 17. a5 Bf8 18. c4 dxe4 19. dxe4 Nc5 20. Nxc5
Bxc5 21. b4 Bd4 22. axb6 axb6 23. b5 c5 24. Nf5 Bxf5 25. exf5 Rd6 26. Bc6
Red8 27. Bc3 Nd7 28. Bxd4 cxd4 29. Bxd7 Qxd7 30. Qxe5 d3 31. Rcd1 Rc8 32.
Re4 Kh7 33. g4 Rc5 34. Qf4 Kg8 35. Qe3 Kf8 36. f6 gxf6 37. Qxh6+ Kg8 38.
Qe3 Kg7 39. Re7 Qd8 40. Re8 Qd7 41. Re7 Qd8 42. Re8 Qd7 43. Re7 1/2-1/2

[Event "83rd ESP-ch Women-ch 2018"]
[Site "Linares"]
[Date "2018.08.21"]
[Round "2"]
[White "Mohamed Garcia, Ismael"]
[Black "Sosa Suarez, Carla Cristina"]
[Result "*"]
[WhiteElo "1814"]
[BlackElo "2006"]
[ECO "A45"]
[Opening "Queen's pawn game"]
[TimeControl "40/5400+30:1800+30"]
[Annotator "NA RC"]
[EventDate "2018.08.09"]
[PlyCount "124"]
[EventType "tourn"]
[EventCountry "ESP"]

1. d4 Nf6 2. Bf4 d5 3. e3 Bf5 4. Bd3 e6 5. Bxf5 exf5 6. Qd3 g6 7. Qb5+ Nbd7
8. Be5 Be7 9. Bxf6 Bxf6 10. Qxd5 c6 11. Qb3 c5 12. Ne2 f4 13. Qxb7 O-O 14.
Qf3 Qa5+ 15. c3 cxd4 16. exd4 Qb5 17. b3 Rfe8 18. c4 Qa5+ 19. Nc3 Bxd4 20.
O-O Ne5 21. Qh3 f3 22. Nxd4 Qxc3 23. Nxf3 Nc6 24. Ng5 Qg7 25. Rad1 h6 26.
Nf3 Re2 27. Rd2 Re6 28. Qg3 Rae8 29. h3 g5 30. Rfd1 Qf6 31. Kh2 Ne7 32. Rd8
Nc6 33. Rxe8+ Rxe8 34. Rd6 Re6 35. Rxe6 Qxe6 36. Qc7 Kg7 37. c5 Ne7 38.
Qe5+ Qxe5+ 39. Nxe5 h5 40. Kg3 f5 41. Kf3 Kf6 42. Nd3 Ke6 43. Ke3 Kd5 44.
b4 Kc4 45. a3 Nd5+ 46. Kd2 Kb3 47. c6 Kxa3 48. Nc5 Kxb4 49. Na6+ Kb5 50. c7
Ne7 51. c8=Q Nxc8 52. Nc7+ Kc4 53. Ne6 a5 54. Nxg5 a4 55. Kc1 a3 56. Nf3
Kd3 57. Nh4 Ne7 58. g4 fxg4 59. hxg4 hxg4 60. Ng2 Nd5 61. f3 gxf3 62. Ne1+
Kc3 *

[Event "83rd ESP-ch Women-ch 2018"]
[Site "Linares"]
[Date "2018.08.22"]
[Round "3"]
[White "Huerga Leache, Mikel"]
[Black "Sanchez Jerez, Emilio Miguel"]
[Result "1-0"]
[WhiteElo "2451"]
[BlackElo "2246"]
[ECO "A12"]
[Opening "English"]
[Variation "Bled variation"]
[TimeControl "40/5400+30:1800+30"]
[Annotator "ChessBase"]
[EventDate "2018.08.09"]
[PlyCount "99"]
[EventType "tourn"]
[EventCountry "ESP"]

1. Nf3 d5 2. b3 Nf6 3. Bb2 g6 4. c4 c6 5. g3 Bg7 6. Bg2 O-O 7. O-O Nbd7 8.
Qc2 dxc4 9. bxc4 Qc7 10. d4 Re8 11. h3 e5 12. dxe5 Nh5 13. e3 Nxe5 14. Nd4
Qe7 15. Nd2 Nd7 16. Rae1 Nf8 17. e4 Qc7 18. Kh2 Ne6 19. N4b3 Bxb2 20. Qxb2
a5 21. e5 a4 22. Nd4 a3 23. Qc3 Qa5 24. Qxa5 Rxa5 25. N4b3 Ra4 26. Ne4 Rd8
27. Rc1 Ra8 28. Rfd1 Rxd1 29. Rxd1 Kf8 30. Bf3 Nhg7 31. Nf6 h5 32. g4 hxg4
33. Bxg4 Ke7 34. Kg3 Ne8 35. Ne4 b6 36. Nd6 Bd7 37. Nxf7 Ra4 38. Nh8 Bc8
39. c5 bxc5 40. Bxe6 Bxe6 41. Nxc5 Rc4 42. Nxg6+ Kf7 43. Nxe6 Kxe6 44. Rd3
Ng7 45. Rd6+ Kf5 46. Rf6+ Ke4 47. Rf4+ Kd3 48. Rf3+ Kc2 49. Rxa3 Nf5+ 50.
Kh2 1-0

[Event "83rd ESP-ch Women-ch 2018"]
[Site "Linares"]
[Date "2018.08.22"]
[Round "3"]
[White "Garriga Cazorla, Pere"]
[Black "Orantes Taboada, Francisco"]
[Result "1-0"]
[WhiteElo "2444"]
[BlackElo "2242"]
[ECO "D80"]
[Opening "Gruenfeld"]
[Variation "Stockholm variation"]
[TimeControl "40/5400+30:1800+30"]
[Annotator "ChessBase"]
[EventDate "2018.08.09"]
[PlyCount "115"]
[EventType "tourn"]
[EventCountry "ESP"]

1. d4 Nf6 2. c4 g6 3. Nc3 d5 4. Bg5 Ne4 5. Bh4 Nxc3 6. bxc3 Bg7 7. cxd5
Qxd5 8. e3 c5 9. Nf3 Nc6 10. Be2 Bf5 11. O-O O-O 12. Nd2 cxd4 13. cxd4 Nxd4
14. exd4 Qxd4 15. Nf3 Qxa1 16. Qxa1 Bxa1 17. Rxa1 Rfd8 18. h3 Rac8 19. Bd1
f6 20. Nh2 Rd4 21. Bg3 Bc2 22. Bg4 Rc6 23. Nf1 b5 24. Ne3 Be4 25. Bd1 Kg7
26. f3 Bd3 27. Be1 e5 28. Bb3 f5 29. Bf2 Rd7 30. Be1 Rdc7 31. Bd2 Bc4 32.
Bc3 Re7 33. Bxc4 bxc4 34. f4 Rd7 35. Rc1 Kf7 36. fxe5 Rd3 37. Kf2 f4 38.
Nf1 Ra6 39. Rc2 Ra3 40. Ba1 Rd1 41. Bc3 a5 42. Ke2 Rd3 43. Ba1 f3+ 44. gxf3
Rxf3 45. Bb2 Rad3 46. Rxc4 Rxh3 47. Nd2 Rhe3+ 48. Kd1 g5 49. Kc2 Rd7 50.
Bc3 Ke6 51. Rc6+ Kf5 52. Nc4 Re2+ 53. Bd2 Kg4 54. Kc3 h5 55. Rg6 Rdxd2 56.
Nxd2 Rxe5 57. Kd3 h4 58. Ne4 1-0

[Event "83rd ESP-ch Women-ch 2018"]
[Site "Linares"]
[Date "2018.08.22"]
[Round "3"]
[White "Ladron de Guevara Pinto, Paolo"]
[Black "Blazquez Gomez, Juan Carlos"]
[Result "1-0"]
[WhiteElo "2424"]
[BlackElo "2240"]
[ECO "B01"]
[Opening "Scandinavian defence"]
[TimeControl "40/5400+30:1800+30"]
[Annotator "ChessBase"]
[EventDate "2018.08.09"]
[PlyCount "63"]
[EventType "tourn"]
[EventCountry "ESP"]

1. e4 d5 2. exd5 Nf6 3. Bb5+ Bd7 4. Bc4 b5 5. Bb3 a5 6. a4 bxa4 7. Rxa4
Bxa4 8. Bxa4+ Nbd7 9. Nf3 Qb8 10. Ne5 Qb4 11. c4 e6 12. O-O Bd6 13. dxe6
fxe6 14. d4 Bxe5 15. dxe5 O-O-O 16. exf6 Nb6 17. fxg7 Rhg8 18. Qf3 Qxa4 19.
Bg5 Rde8 20. b3 Qb4 21. Bd2 Qc5 22. Be3 Qb4 23. Bd2 Qc5 24. Nc3 Rxg7 25.
Be3 Qb4 26. Nb5 Kb8 27. Qc6 Qe7 28. Nxc7 Qxc7 29. Qxe8+ Nc8 30. Qxe6 Qb7
31. Qe5+ Qc7 32. Bf4 1-0

[Event "83rd ESP-ch Women-ch 2018"]
[Site "Linares"]
[Date "2018.08.22"]
[Round "3"]
[White "Tejedor Fuente, Enrique"]
[Black "Rodriguez Perez, Angel Mariano"]
[Result "1-0"]
[WhiteElo "2408"]
[BlackElo "2223"]
[ECO "B28"]
[Opening "Sicilian"]
[Variation "O'Kelly variation"]
[TimeControl "40/5400+30:1800+30"]
[Annotator "ChessBase"]
[EventDate "2018.08.09"]
[PlyCount "109"]
[EventType "tourn"]
[EventCountry "ESP"]

1. e4 c5 2. Nf3 a6 3. c3 d6 4. d4 Nd7 5. Bd3 g6 6. O-O Bg7 7. Qe2 e6 8.
Nbd2 b5 9. a4 c4 10. Bc2 Bb7 11. b3 cxb3 12. Nxb3 bxa4 13. Rxa4 Ne7 14. Ba3
Nb6 15. Na5 Bc8 16. Rb4 O-O 17. Rfb1 Nbd5 18. exd5 Qxa5 19. Ra4 Qd8 20.
dxe6 fxe6 21. Ng5 Nd5 22. Ne4 a5 23. Bb3 Ba6 24. Qe1 Rf4 25. Nxd6 Kh8 26.
g3 Rf3 27. Bd1 Rf6 28. Ne4 Bd3 29. Nxf6 Bxb1 30. Nxd5 Qxd5 31. Bc1 Bf5 32.
Qf1 e5 33. Be3 Bd7 34. c4 Qf7 35. d5 Bxa4 36. Bxa4 Bf8 37. Qa1 Qc7 38. Bc6
Rb8 39. c5 Bg7 40. Qa4 Rb4 41. Qd1 e4 42. Bf4 Qc8 43. Kg2 Bd4 44. Bd2 Rb2
45. Be1 Bf6 46. Qc1 Qf5 47. Qe3 Rb1 48. Bxa5 Rd1 49. d6 Bd4 50. Bxe4 Bxe3
51. Bxf5 Bxc5 52. d7 Be7 53. Bg4 Rd6 54. Bb4 Rxd7 55. Bc3+ 1-0

[Event "83rd ESP-ch Women-ch 2018"]
[Site "Linares"]
[Date "2018.08.22"]
[Round "3"]
[White "Suarez Uriel, Adrian"]
[Black "Comellas Martos, Lidia"]
[Result "1-0"]
[WhiteElo "2391"]
[BlackElo "2001"]
[ECO "A35"]
[Opening "English"]
[Variation "symmetrical, four knights system"]
[TimeControl "40/5400+30:1800+30"]
[Annotator "NA"]
[EventDate "2018.08.09"]
[PlyCount "67"]
[EventType "tourn"]
[EventCountry "ESP"]

1. Nf3 Nf6 2. c4 c5 3. Nc3 Nc6 4. d4 cxd4 5. Nxd4 g6 6. e4 d6 7. Be2 Bg7 8.
Be3 O-O 9. O-O Bd7 10. h3 Nxd4 11. Bxd4 Bc6 12. Qc2 e5 13. Be3 h6 14. Rfd1
Qe7 15. b4 b6 16. a4 Rfd8 17. a5 Qc7 18. Qd3 Bf8 19. Rdc1 bxa5 20. Rxa5 a6
21. Nd5 Bxd5 22. cxd5 Qb7 23. Bd2 Rdc8 24. Rxc8 Qxc8 25. f3 h5 26. Rxa6
Rxa6 27. Qxa6 Qxa6 28. Bxa6 Be7 29. Bb5 Bd8 30. Be3 Bc7 31. Ba7 Kf8 32. Bc6
Ke7 33. b5 Nd7 34. Bxd7 1-0

[Event "83rd ESP-ch Women-ch 2018"]
[Site "Linares"]
[Date "2018.08.22"]
[Round "3"]
[White "Matnadze, Ana"]
[Black "Roldan Marques, Daniel"]
[Result "1/2-1/2"]
[WhiteElo "2378"]
[BlackElo "2161"]
[ECO "A15"]
[Opening "English opening"]
[TimeControl "40/5400+30:1800+30"]
[Annotator "NA"]
[EventDate "2018.08.09"]
[PlyCount "60"]
[EventType "tourn"]
[EventCountry "ESP"]

1. Nf3 Nf6 2. c4 c6 3. g3 d5 4. d4 dxc4 5. Bg2 b5 6. a4 Bb7 7. b3 cxb3 8.
Qxb3 a6 9. Ba3 $146 Nbd7 10. Ne5 Nxe5 11. dxe5 Nd5 12. O-O e6 13. Bxf8 Kxf8
14. Nc3 Nxc3 15. Qxc3 Qe7 16. Rfc1 g6 17. Bxc6 Rc8 18. axb5 axb5 19. Qf3
Rxc6 20. Rxc6 Bxc6 21. Qxc6 b4 22. Qb6 Kg7 23. Ra7 Qe8 24. Qxb4 Qb8 $14 25.
Qe7 Qb1+ 26. Kg2 Qe4+ 27. Kg1 Qb1+ 28. Kg2 Qe4+ 29. Kg1 Qb1+ 30. Kg2 Qe4+
1/2-1/2